[ AOE2 MATCH · #505798761 ]
UnrankedBerbers vs Wei
[ REPLAY ANALYSIS · EXTRACTED FROM THE RECORDED GAME ]
Feudal
8:41
Castle
20:30
Imperial
47:04
| APM avg | 39.2 |
| APM peak | 78 |
| eAPM avg | 19.0 |
| Villagers / military | 94 / 137 |
Focus
⚔️ 37.6% · 🌾 62.4%
Knight ×111 · Camel Scout ×14 · Scout Cavalry ×11 · Monk ×1
Feudal
10:06
Castle
21:16
Imperial
—
| APM avg | 38.5 |
| APM peak | 69 |
| eAPM avg | 21.1 |
| Villagers / military | 117 / 20 |
Focus
⚔️ 31.2% · 🌾 68.8%
Unknown (1944) ×101 · Monk ×9 · Archer ×6 · Spearman ×4 · Scout Cavalry ×1
Feudal
9:16
Castle
23:55
Imperial
42:57
| APM avg | 64.6 |
| APM peak | 118 |
| eAPM avg | 33.5 |
| Villagers / military | 128 / 166 |
Focus
⚔️ 36.0% · 🌾 64.0%
Chu Ko Nu ×62 · Archer ×58 · Knight ×39 · Trebuchet (Packed) ×6 · Militia ×1
Feudal
10:14
Castle
15:33
Imperial
—
| APM avg | 20.3 |
| APM peak | 41 |
| eAPM avg | 11.6 |
| Villagers / military | 40 / 94 |
Focus
⚔️ 39.0% · 🌾 61.0%
Karambit Warrior ×81 · Battering Ram ×7 · Mangonel ×3 · Spearman ×3
Match map
Initial resources + every placement click. Lines = walls · curves = elevation contours. ◆ gold · ⬟ stone · ● berries · ✦ relic · ◌ wall gap
Your base· Open — unwalled flank
Splitfire's base· ✓ Closed at 21:16 · 43t walls · 1 gate(s)
☘ [4:20] ☘ Raperzinho11's base· ✓ Closed at 23:55 · 46t walls · 1 gate(s)
TheTimeKeeper's base· Open — unwalled flank
Smoothed initial terrain · ◌ = detected wall gap · hover for details
Inputs per minute
— ☘[4:20]☘Rolando Mota dl Kmpo - - Splitfire
Build order — ☘[4:20]☘Rolando Mota dl Kmpo
First 150 of 351 actions detected
| 0:01 | Queue | Villager (Male) |
| 0:01 | Queue | Villager (Male) |
| 0:02 | Build | House |
| 0:04 | Build | House |
| 0:54 | Queue | Villager (Male) |
| 0:54 | Queue | Villager (Male) |
| 0:54 | Queue | Villager (Male) |
| 1:39 | Queue | Villager (Male) |
| 1:39 | Queue | Villager (Male) |
| 2:11 | Queue | Villager (Male) |
| 2:11 | Queue | Villager (Male) |
| 2:20 | Build | Lumber Camp |
| 2:37 | Queue | Villager (Male) |
| 2:37 | Queue | Villager (Male) |
| 2:48 | Queue | Villager (Male) |
| 2:48 | Queue | Villager (Male) |
| 3:26 | Queue | Villager (Male) |
| 3:27 | Queue | Villager (Male) |
| 3:33 | Build | House |
| 3:47 | Queue | Villager (Male) |
| 4:14 | Queue | Villager (Male) |
| 4:43 | Queue | Villager (Male) |
| 4:43 | Queue | Villager (Male) |
| 4:48 | Build | Mill |
| 5:23 | Queue | Villager (Male) |
| 5:58 | Research | Loom |
| 6:31 | Research | Feudal Age |
| 6:31 | Research | Feudal Age |
| 8:11 | Build | Barracks |
| 8:21 | Queue | Villager (Male) |
| 8:41 | Age | Feudal Age |
| 8:57 | Build | Stable |
| 9:03 | Build | House |
| 9:08 | Queue | Villager (Male) |
| 9:26 | Research | Double-Bit Axe |
| 9:26 | Research | Double-Bit Axe |
| 9:45 | Queue | Villager (Male) |
| 9:47 | Research | Horse Collar |
| 10:04 | Queue | Scout Cavalry |
| 10:17 | Build | Farm |
| 10:21 | Build | House |
| 10:22 | Queue | Villager (Male) |
| 10:23 | Queue | Scout Cavalry |
| 10:35 | Build | Farm |
| 10:50 | Queue | Villager (Male) |
| 10:53 | Build | Farm |
| 11:00 | Queue | Villager (Male) |
| 11:04 | Build | House |
| 11:12 | Queue | Scout Cavalry |
| 11:15 | Queue | Villager (Male) |
| 11:17 | Build | Farm |
| 11:41 | Queue | Villager (Male) |
| 11:43 | Build | Farm |
| 12:17 | Queue | Villager (Male) |
| 12:17 | Queue | Scout Cavalry |
| 12:21 | Build | Farm |
| 12:22 | Build | Farm |
| 12:35 | Queue | Scout Cavalry |
| 12:45 | Build | Farm |
| 12:47 | Build | Farm |
| 13:00 | Queue | Villager (Male) |
| 13:08 | Build | Farm |
| 13:16 | Queue | Scout Cavalry |
| 13:20 | Build | House |
| 13:24 | Queue | Villager (Male) |
| 13:57 | Queue | Villager (Male) |
| 13:59 | Build | Farm |
| 14:01 | Build | Farm |
| 14:30 | Queue | Villager (Male) |
| 14:33 | Build | Farm |
| 14:59 | Queue | Scout Cavalry |
| 15:00 | Queue | Villager (Male) |
| 15:01 | Queue | Villager (Male) |
| 15:03 | Build | Farm |
| 15:04 | Build | Farm |
| 15:22 | Build | Farm |
| 15:29 | Queue | Villager (Male) |
| 16:21 | Queue | Scout Cavalry |
| 16:21 | Queue | Scout Cavalry |
| 16:22 | Queue | Villager (Male) |
| 16:22 | Queue | Villager (Male) |
| 16:29 | Build | Blacksmith |
| 16:56 | Build | House |
| 17:00 | Build | Mining Camp |
| 17:06 | Build | House |
| 17:07 | Build | House |
| 17:13 | Queue | Villager (Male) |
| 17:48 | Research | Castle Age |
| 17:48 | Research | Castle Age |
| 17:51 | Build | Farm |
| 18:43 | Build | Stable |
| 18:50 | Research | Scale Barding Armor |
| 19:01 | Queue | Scout Cavalry |
| 19:08 | Research | Bloodlines |
| 19:32 | Research | Forging |
| 19:38 | Build | Stable |
| 19:43 | Queue | Scout Cavalry |
| 19:58 | Build | Farm |
| 20:30 | Age | Castle Age |
| 20:33 | Research | Light Cavalry (upgrade) |
| 20:53 | Queue | Knight |
| 20:53 | Queue | Knight |
| 20:53 | Queue | Knight |
| 21:12 | Build | House |
| 21:12 | Build | Palisade Wall |
| 21:15 | Build | Palisade Wall |
| 21:20 | Research | Husbandry |
| 21:41 | Queue | Knight |
| 21:41 | Queue | Knight |
| 21:42 | Queue | Knight |
| 21:59 | Queue | Knight |
| 22:00 | Queue | Knight |
| 22:00 | Queue | Knight |
| 22:48 | Build | Market |
| 23:06 | Queue | Knight |
| 23:06 | Queue | Knight |
| 23:06 | Queue | Knight |
| 23:39 | Queue | Knight |
| 23:39 | Queue | Knight |
| 23:39 | Queue | Knight |
| 23:57 | Queue | Villager (Male) |
| 24:07 | Queue | Knight |
| 24:07 | Queue | Knight |
| 24:09 | Queue | Villager (Male) |
| 24:09 | Queue | Villager (Male) |
| 24:14 | Build | House |
| 24:20 | Build | House |
| 24:29 | Queue | Knight |
| 24:46 | Queue | Knight |
| 24:47 | Queue | Knight |
| 24:47 | Queue | Knight |
| 25:03 | Build | Town Center |
| 25:36 | Queue | Villager (Male) |
| 25:55 | Queue | Knight |
| 25:55 | Queue | Knight |
| 26:00 | Queue | Knight |
| 26:54 | Queue | Knight |
| 26:54 | Queue | Knight |
| 26:54 | Queue | Knight |
| 26:54 | Queue | Knight |
| 27:01 | Queue | Knight |
| 27:02 | Queue | Villager (Male) |
| 27:02 | Queue | Villager (Male) |
| 27:36 | Research | Chain Barding Armor |
| 27:40 | Build | Farm |
| 27:42 | Build | Farm |
| 27:45 | Build | Farm |
| 27:48 | Build | Farm |
| 27:50 | Queue | Villager (Male) |
| 27:50 | Queue | Villager (Male) |
Build order — Splitfire
First 150 of 436 actions detected
| 0:00 | Queue | Villager (Male) |
| 0:01 | Queue | Villager (Male) |
| 0:02 | Build | House |
| 0:03 | Build | House |
| 0:09 | Queue | Villager (Male) |
| 0:25 | Queue | Villager (Male) |
| 1:17 | Queue | Villager (Male) |
| 1:17 | Queue | Villager (Male) |
| 1:57 | Build | Lumber Camp |
| 1:59 | Queue | Villager (Male) |
| 1:59 | Queue | Villager (Male) |
| 2:27 | Queue | Villager (Male) |
| 2:27 | Queue | Villager (Male) |
| 2:49 | Queue | Villager (Male) |
| 2:49 | Queue | Villager (Male) |
| 3:18 | Queue | Villager (Male) |
| 3:19 | Queue | Villager (Male) |
| 3:46 | Queue | Villager (Male) |
| 4:04 | Build | House |
| 4:28 | Build | House |
| 4:30 | Build | Palisade Wall |
| 4:36 | Queue | Villager (Male) |
| 4:36 | Queue | Villager (Male) |
| 4:42 | Queue | Villager (Male) |
| 5:06 | Build | Mill |
| 5:13 | Queue | Villager (Male) |
| 5:40 | Queue | Villager (Male) |
| 5:55 | Queue | Villager (Male) |
| 6:17 | Queue | Villager (Male) |
| 7:05 | Queue | Villager (Male) |
| 7:23 | Research | Loom |
| 7:46 | Research | Feudal Age |
| 8:03 | Build | Mining Camp |
| 9:22 | Build | Barracks |
| 9:26 | Build | House |
| 9:43 | Queue | Villager (Male) |
| 10:06 | Age | Feudal Age |
| 10:18 | Build | Archery Range |
| 10:22 | Build | House |
| 10:25 | Build | Palisade Wall |
| 10:27 | Build | Palisade Wall |
| 10:29 | Build | Palisade Wall |
| 10:29 | Build | Palisade Wall |
| 10:31 | Build | Palisade Wall |
| 10:34 | Queue | Villager (Male) |
| 10:36 | Research | Double-Bit Axe |
| 11:07 | Build | Watch Tower |
| 11:07 | Queue | Villager (Male) |
| 11:09 | Queue | Archer |
| 11:11 | Queue | Archer |
| 11:12 | Queue | Spearman |
| 11:39 | Queue | Villager (Male) |
| 11:46 | Build | Palisade Wall |
| 11:48 | Build | Palisade Wall |
| 11:49 | Build | Palisade Wall |
| 12:01 | Queue | Spearman |
| 12:19 | Queue | Villager (Male) |
| 12:30 | Queue | Villager (Male) |
| 12:31 | Queue | Spearman |
| 12:36 | Build | Blacksmith |
| 12:42 | Queue | Archer |
| 12:45 | Queue | Villager (Male) |
| 12:49 | Queue | Spearman |
| 12:54 | Queue | Archer |
| 12:56 | Build | House |
| 12:59 | Build | House |
| 13:03 | Build | Palisade Gate |
| 13:19 | Build | Palisade Wall |
| 13:24 | Build | Palisade Wall |
| 13:29 | Queue | Villager (Male) |
| 13:30 | Queue | Archer |
| 13:40 | Queue | Archer |
| 13:43 | Queue | Villager (Male) |
| 13:50 | Build | House |
| 13:52 | Queue | Villager (Male) |
| 13:57 | Build | Market |
| 14:02 | Build | Palisade Wall |
| 14:07 | Build | Palisade Wall |
| 14:11 | Build | Farm |
| 14:35 | Research | Fletching |
| 14:39 | Queue | Villager (Male) |
| 14:40 | Build | Farm |
| 14:40 | Build | Farm |
| 14:41 | Build | Farm |
| 14:41 | Build | Farm |
| 15:16 | Build | Farm |
| 15:16 | Build | Farm |
| 15:16 | Build | Farm |
| 15:17 | Build | Farm |
| 15:17 | Queue | Villager (Male) |
| 15:47 | Queue | Villager (Male) |
| 16:38 | Queue | Villager (Male) |
| 16:40 | Build | Farm |
| 16:40 | Build | Farm |
| 16:40 | Build | Farm |
| 16:40 | Build | Farm |
| 16:41 | Build | Farm |
| 17:05 | Build | Lumber Camp |
| 17:10 | Queue | Villager (Male) |
| 17:28 | Build | House |
| 17:35 | Build | Lumber Camp |
| 17:37 | Queue | Villager (Male) |
| 18:09 | Queue | Villager (Male) |
| 18:23 | Build | Stable |
| 18:36 | Research | Castle Age |
| 18:52 | Build | House |
| 18:59 | Build | Palisade Wall |
| 19:05 | Build | House |
| 19:16 | Queue | Villager (Male) |
| 19:28 | Build | Stable |
| 19:50 | Build | Stable |
| 19:59 | Research | Bloodlines |
| 20:17 | Queue | Villager (Male) |
| 21:00 | Research | Gold Mining |
| 21:08 | Build | Farm |
| 21:08 | Build | Farm |
| 21:08 | Build | Farm |
| 21:14 | Build | Farm |
| 21:14 | Build | Farm |
| 21:16 | Age | Castle Age |
| 21:17 | Queue | Unit 1944 |
| 21:18 | Queue | Unit 1944 |
| 21:28 | Queue | Unit 1944 |
| 21:28 | Queue | Unit 1944 |
| 21:42 | Queue | Villager (Male) |
| 21:47 | Build | Farm |
| 21:47 | Build | Farm |
| 21:55 | Build | Mill |
| 21:56 | Build | Farm |
| 21:56 | Build | Farm |
| 21:57 | Build | Farm |
| 21:57 | Build | Farm |
| 21:57 | Build | Farm |
| 21:57 | Build | Farm |
| 21:57 | Build | Farm |
| 22:01 | Queue | Unit 1944 |
| 22:01 | Queue | Unit 1944 |
| 22:02 | Queue | Villager (Male) |
| 22:15 | Build | House |
| 22:33 | Research | Husbandry |
| 22:33 | Queue | Unit 1944 |
| 22:34 | Queue | Unit 1944 |
| 22:37 | Build | Farm |
| 22:37 | Build | Farm |
| 23:05 | Queue | Unit 1944 |
| 23:05 | Queue | Unit 1944 |
| 23:08 | Queue | Villager (Male) |
| 23:22 | Queue | Villager (Male) |
| 23:24 | Queue | Unit 1944 |
| 23:24 | Queue | Unit 1944 |
Build order — ☘ [4:20] ☘ Raperzinho11
First 150 of 419 actions detected
| 0:22 | Research | Loom |
| 0:22 | Research | Loom |
| 0:46 | Queue | Villager (Male) |
| 0:46 | Queue | Villager (Male) |
| 1:13 | Queue | Villager (Male) |
| 1:13 | Queue | Villager (Male) |
| 1:39 | Queue | Villager (Male) |
| 1:39 | Queue | Villager (Male) |
| 1:39 | Queue | Villager (Male) |
| 2:08 | Build | Lumber Camp |
| 2:13 | Queue | Villager (Male) |
| 2:13 | Queue | Villager (Male) |
| 2:40 | Queue | Villager (Male) |
| 2:41 | Queue | Villager (Male) |
| 2:53 | Queue | Villager (Male) |
| 2:53 | Queue | Villager (Male) |
| 3:10 | Build | House |
| 3:11 | Build | House |
| 3:21 | Queue | Villager (Male) |
| 3:43 | Queue | Villager (Male) |
| 4:05 | Queue | Villager (Male) |
| 4:06 | Queue | Villager (Male) |
| 4:41 | Queue | Villager (Male) |
| 4:42 | Queue | Villager (Male) |
| 4:42 | Queue | Villager (Male) |
| 4:48 | Build | Mill |
| 5:36 | Queue | Villager (Male) |
| 5:36 | Queue | Villager (Male) |
| 5:54 | Queue | Villager (Male) |
| 7:06 | Research | Feudal Age |
| 7:11 | Build | Barracks |
| 8:17 | Build | Mining Camp |
| 8:29 | Queue | Villager (Male) |
| 8:29 | Queue | Villager (Male) |
| 9:16 | Age | Feudal Age |
| 9:21 | Build | Archery Range |
| 10:23 | Build | Archery Range |
| 10:38 | Queue | Archer |
| 10:44 | Queue | Villager (Male) |
| 10:45 | Queue | Villager (Male) |
| 10:48 | Build | House |
| 11:06 | Build | House |
| 11:08 | Queue | Archer |
| 11:08 | Queue | Archer |
| 11:08 | Queue | Archer |
| 11:24 | Queue | Archer |
| 11:25 | Queue | Archer |
| 11:25 | Queue | Archer |
| 11:40 | Queue | Archer |
| 11:40 | Queue | Archer |
| 11:40 | Queue | Archer |
| 11:42 | Queue | Villager (Male) |
| 11:42 | Queue | Villager (Male) |
| 11:42 | Queue | Villager (Male) |
| 11:42 | Queue | Villager (Male) |
| 12:16 | Queue | Villager (Male) |
| 12:40 | Build | Blacksmith |
| 12:43 | Build | House |
| 12:47 | Build | House |
| 12:49 | Queue | Archer |
| 12:49 | Queue | Archer |
| 12:49 | Queue | Archer |
| 12:49 | Queue | Archer |
| 12:52 | Queue | Villager (Male) |
| 12:52 | Queue | Villager (Male) |
| 13:42 | Queue | Villager (Male) |
| 13:42 | Queue | Villager (Male) |
| 13:45 | Build | Farm |
| 13:46 | Build | Farm |
| 13:46 | Build | Farm |
| 13:46 | Build | Farm |
| 14:33 | Build | Farm |
| 14:35 | Queue | Archer |
| 14:35 | Queue | Archer |
| 14:36 | Queue | Archer |
| 14:36 | Queue | Archer |
| 14:36 | Queue | Archer |
| 14:36 | Queue | Archer |
| 14:57 | Queue | Villager (Male) |
| 15:00 | Build | Farm |
| 15:02 | Build | Farm |
| 15:05 | Queue | Villager (Male) |
| 15:07 | Research | Fletching |
| 15:46 | Build | Farm |
| 15:46 | Build | Farm |
| 16:35 | Queue | Villager (Male) |
| 16:36 | Queue | Villager (Male) |
| 16:39 | Build | Farm |
| 16:39 | Build | Farm |
| 16:43 | Queue | Archer |
| 16:43 | Queue | Archer |
| 16:43 | Queue | Archer |
| 16:43 | Queue | Archer |
| 16:44 | Queue | Archer |
| 17:16 | Queue | Villager (Male) |
| 17:16 | Queue | Villager (Male) |
| 17:28 | Build | Lumber Camp |
| 17:33 | Build | House |
| 17:40 | Build | House |
| 17:52 | Queue | Villager (Male) |
| 17:52 | Queue | Villager (Male) |
| 18:12 | Build | Farm |
| 18:17 | Queue | Archer |
| 18:17 | Queue | Archer |
| 18:18 | Queue | Archer |
| 18:18 | Queue | Archer |
| 18:19 | Queue | Archer |
| 18:36 | Queue | Archer |
| 18:36 | Queue | Archer |
| 18:36 | Queue | Archer |
| 18:36 | Queue | Archer |
| 18:48 | Build | Palisade Wall |
| 18:54 | Build | Palisade Wall |
| 19:02 | Queue | Villager (Male) |
| 19:16 | Build | Farm |
| 19:26 | Build | Farm |
| 19:36 | Build | House |
| 19:46 | Queue | Militia |
| 19:51 | Build | Mining Camp |
| 20:03 | Build | Palisade Wall |
| 20:08 | Build | Palisade Wall |
| 20:14 | Build | Palisade Wall |
| 20:22 | Queue | Villager (Male) |
| 20:24 | Queue | Archer |
| 20:24 | Queue | Archer |
| 20:24 | Queue | Archer |
| 20:58 | Build | Stable |
| 21:15 | Research | Castle Age |
| 21:41 | Queue | Villager (Male) |
| 21:50 | Build | Stable |
| 21:57 | Build | Palisade Wall |
| 22:00 | Queue | Archer |
| 22:00 | Queue | Archer |
| 22:00 | Queue | Archer |
| 22:00 | Queue | Archer |
| 22:01 | Queue | Archer |
| 22:01 | Queue | Archer |
| 22:38 | Build | Palisade Wall |
| 23:12 | Build | Palisade Gate |
| 23:45 | Build | Palisade Wall |
| 23:53 | Queue | Archer |
| 23:54 | Queue | Archer |
| 23:54 | Queue | Archer |
| 23:54 | Queue | Archer |
| 23:55 | Age | Castle Age |
| 23:59 | Build | House |
| 24:01 | Build | House |
| 24:01 | Build | House |
| 24:06 | Build | Town Center |
| 24:16 | Research | Crossbowman (upgrade) |
Build order — TheTimeKeeper
First 150 of 167 actions detected
| 0:00 | Queue | Villager (Male) |
| 0:01 | Queue | Villager (Male) |
| 0:02 | Build | House |
| 0:04 | Build | House |
| 0:31 | Queue | Villager (Male) |
| 0:31 | Queue | Villager (Male) |
| 1:30 | Queue | Villager (Male) |
| 1:40 | Queue | Villager (Male) |
| 1:49 | Build | Lumber Camp |
| 2:27 | Queue | Villager (Male) |
| 3:02 | Queue | Villager (Male) |
| 3:02 | Queue | Villager (Male) |
| 3:02 | Queue | Villager (Male) |
| 3:23 | Queue | Villager (Male) |
| 3:29 | Build | House |
| 3:33 | Build | House |
| 3:52 | Queue | Villager (Male) |
| 3:52 | Queue | Villager (Male) |
| 4:13 | Queue | Villager (Male) |
| 4:45 | Queue | Villager (Male) |
| 4:50 | Queue | Villager (Male) |
| 5:12 | Build | Mill |
| 5:56 | Queue | Villager (Male) |
| 5:56 | Queue | Villager (Male) |
| 6:44 | Build | Mining Camp |
| 7:06 | Queue | Villager (Male) |
| 7:07 | Queue | Villager (Male) |
| 7:59 | Queue | Villager (Male) |
| 7:59 | Queue | Villager (Male) |
| 8:56 | Research | Feudal Age |
| 10:14 | Age | Feudal Age |
| 12:15 | Build | Market |
| 12:25 | Build | Blacksmith |
| 13:57 | Research | Castle Age |
| 15:33 | Age | Castle Age |
| 15:38 | Build | Castle |
| 16:50 | Build | Mining Camp |
| 17:03 | Build | Siege Workshop |
| 17:42 | Queue | Battering Ram |
| 18:14 | Queue | Karambit Warrior |
| 18:14 | Queue | Karambit Warrior |
| 18:14 | Queue | Karambit Warrior |
| 18:14 | Queue | Karambit Warrior |
| 18:15 | Queue | Karambit Warrior |
| 18:16 | Queue | Karambit Warrior |
| 18:26 | Queue | Battering Ram |
| 18:44 | Queue | Karambit Warrior |
| 18:44 | Queue | Karambit Warrior |
| 18:44 | Queue | Karambit Warrior |
| 18:45 | Queue | Karambit Warrior |
| 18:45 | Queue | Karambit Warrior |
| 18:57 | Research | Forging |
| 19:42 | Build | Barracks |
| 19:57 | Queue | Karambit Warrior |
| 20:09 | Research | Squires |
| 20:35 | Queue | Karambit Warrior ×5 |
| 20:35 | Queue | Karambit Warrior ×4 |
| 20:35 | Queue | Karambit Warrior ×4 |
| 22:32 | Queue | Battering Ram |
| 22:45 | Queue | Battering Ram |
| 22:45 | Queue | Battering Ram |
| 22:50 | Queue | Karambit Warrior ×4 |
| 22:54 | Queue | Karambit Warrior ×2 |
| 22:58 | Queue | Karambit Warrior |
| 23:32 | Queue | Karambit Warrior |
| 23:32 | Queue | Karambit Warrior |
| 23:32 | Queue | Karambit Warrior |
| 23:33 | Queue | Karambit Warrior |
| 23:33 | Queue | Karambit Warrior |
| 25:14 | Research | Double-Bit Axe |
| 27:30 | Queue | Karambit Warrior ×5 |
| 27:30 | Queue | Karambit Warrior ×3 |
| 28:02 | Queue | Karambit Warrior |
| 28:02 | Queue | Karambit Warrior |
| 28:03 | Queue | Karambit Warrior |
| 28:03 | Queue | Karambit Warrior |
| 28:10 | Build | Farm |
| 28:11 | Build | Farm |
| 28:11 | Build | Farm |
| 28:11 | Build | Farm |
| 28:11 | Build | Farm |
| 28:12 | Build | Farm |
| 28:12 | Build | Farm |
| 28:12 | Build | Farm |
| 28:13 | Build | Farm |
| 28:45 | Build | Town Center |
| 28:57 | Queue | Battering Ram |
| 29:09 | Queue | Karambit Warrior |
| 29:40 | Queue | Karambit Warrior |
| 29:41 | Queue | Karambit Warrior |
| 29:41 | Queue | Karambit Warrior |
| 29:59 | Queue | Karambit Warrior |
| 30:00 | Queue | Karambit Warrior |
| 30:00 | Queue | Karambit Warrior |
| 30:41 | Queue | Karambit Warrior |
| 30:42 | Queue | Karambit Warrior |
| 30:42 | Queue | Karambit Warrior |
| 30:43 | Queue | Karambit Warrior |
| 31:23 | Queue | Karambit Warrior |
| 31:23 | Queue | Karambit Warrior |
| 31:24 | Queue | Karambit Warrior |
| 31:24 | Queue | Karambit Warrior |
| 31:24 | Queue | Karambit Warrior |
| 31:34 | Queue | Battering Ram |
| 31:55 | Queue | Karambit Warrior |
| 31:55 | Queue | Karambit Warrior |
| 31:56 | Queue | Karambit Warrior |
| 32:28 | Queue | Villager (Male) |
| 32:29 | Queue | Villager (Male) |
| 32:29 | Queue | Villager (Male) |
| 32:29 | Queue | Villager (Male) |
| 32:49 | Build | Farm |
| 32:50 | Build | Farm |
| 32:50 | Build | Farm |
| 32:50 | Build | Farm |
| 32:50 | Build | Farm |
| 32:51 | Build | Farm |
| 33:35 | Queue | Villager (Male) |
| 33:36 | Queue | Villager (Male) |
| 33:36 | Queue | Villager (Male) |
| 33:37 | Queue | Villager (Male) |
| 34:06 | Build | Town Center |
| 34:43 | Queue | Villager (Male) |
| 34:43 | Queue | Villager (Male) |
| 34:46 | Queue | Villager (Male) |
| 34:46 | Queue | Villager (Male) |
| 34:46 | Queue | Villager (Male) |
| 36:31 | Queue | Mangonel |
| 39:33 | Build | Farm |
| 39:33 | Build | Farm |
| 39:33 | Build | Farm |
| 39:33 | Build | Farm |
| 39:34 | Build | Farm |
| 40:19 | Research | Wheelbarrow |
| 42:08 | Build | Town Center |
| 42:26 | Queue | Karambit Warrior ×5 |
| 42:38 | Build | House |
| 42:41 | Build | House |
| 42:42 | Build | House |
| 42:43 | Build | House |
| 43:35 | Build | Farm |
| 43:35 | Build | Farm |
| 43:36 | Build | Farm |
| 43:36 | Build | Farm |
| 43:36 | Build | Farm |
| 43:36 | Build | Farm |
| 43:37 | Build | Farm |
| 43:37 | Build | Farm |
| 43:39 | Queue | Villager (Male) |
| 43:40 | Queue | Villager (Male) |
Match timeline
| 4:30 | Splitfire · wall_segment Palisade Wall x1 |
| 7:11 | ☘ [4:20] ☘ Raperzinho11 · first_building Barracks |
| 8:11 | ☘[4:20]☘Rolando Mota dl Kmpo · first_building Barracks |
| 8:41 | ☘[4:20]☘Rolando Mota dl Kmpo · age_up feudal |
| 8:57 | ☘[4:20]☘Rolando Mota dl Kmpo · first_building Stable |
| 9:16 | ☘ [4:20] ☘ Raperzinho11 · age_up feudal |
| 9:21 | ☘ [4:20] ☘ Raperzinho11 · first_building Archery Range |
| 9:22 | Splitfire · first_building Barracks |
| 10:06 | Splitfire · age_up feudal |
| 10:14 | TheTimeKeeper · age_up feudal |
| 10:18 | Splitfire · first_building Archery Range |
| 10:25 | Splitfire · wall_segment Palisade Wall x5 |
| 10:27 | Splitfire · wall_segment Palisade Wall x1 |
| 10:29 | Splitfire · wall_segment Palisade Wall x1 |
| 10:29 | Splitfire · wall_segment Palisade Wall x1 |
| 10:31 | Splitfire · wall_segment Palisade Wall x1 |
| 11:46 | Splitfire · wall_segment Palisade Wall x1 |
| 11:48 | Splitfire · wall_segment Palisade Wall x1 |
| 11:49 | Splitfire · wall_segment Palisade Wall x1 |
| 13:19 | Splitfire · wall_segment Palisade Wall x1 |
| 13:24 | Splitfire · wall_segment Palisade Wall x8 |
| 13:55 | TheTimeKeeper · first_market_sell 100 stone |
| 14:02 | Splitfire · wall_segment Palisade Wall x10 |
| 14:07 | Splitfire · wall_segment Palisade Wall x10 |
| 15:33 | TheTimeKeeper · age_up castle |
| 15:38 | TheTimeKeeper · first_building Castle |
| 17:03 | TheTimeKeeper · first_building Siege Workshop |
| 17:52 | Splitfire · first_market_sell 100 wood |
| 17:53 | Splitfire · first_market_buy 100 food |
| 18:23 | Splitfire · first_building Stable |
| 18:48 | ☘ [4:20] ☘ Raperzinho11 · wall_segment Palisade Wall x7 |
| 18:54 | ☘ [4:20] ☘ Raperzinho11 · wall_segment Palisade Wall x3 |
| 18:59 | Splitfire · wall_segment Palisade Wall x1 |
| 19:33 | TheTimeKeeper · first_market_buy 100 wood |
| 19:42 | TheTimeKeeper · first_building Barracks |
| 20:03 | ☘ [4:20] ☘ Raperzinho11 · wall_segment Palisade Wall x7 |
| 20:08 | ☘ [4:20] ☘ Raperzinho11 · wall_segment Palisade Wall x1 |
| 20:14 | ☘ [4:20] ☘ Raperzinho11 · wall_segment Palisade Wall x13 |
| 20:30 | ☘[4:20]☘Rolando Mota dl Kmpo · age_up castle |
| 20:58 | ☘ [4:20] ☘ Raperzinho11 · first_building Stable |
| 21:12 | ☘[4:20]☘Rolando Mota dl Kmpo · wall_segment Palisade Wall x5 |
| 21:15 | ☘[4:20]☘Rolando Mota dl Kmpo · wall_segment Palisade Wall x1 |
| 21:16 | Splitfire · age_up castle |
| 21:57 | ☘ [4:20] ☘ Raperzinho11 · wall_segment Palisade Wall x9 |
| 22:38 | ☘ [4:20] ☘ Raperzinho11 · wall_segment Palisade Wall x1 |
| 23:35 | ☘[4:20]☘Rolando Mota dl Kmpo · first_market_sell 100 wood |
| 23:38 | ☘[4:20]☘Rolando Mota dl Kmpo · first_market_buy 100 food |
| 23:45 | ☘ [4:20] ☘ Raperzinho11 · wall_segment Palisade Wall x5 |
| 23:55 | ☘ [4:20] ☘ Raperzinho11 · age_up castle |
| 25:04 | Splitfire · first_building Monastery |
| 27:28 | ☘ [4:20] ☘ Raperzinho11 · first_building Castle |
| 27:30 | Splitfire · wall_segment Stone Wall x1 |
| 27:32 | Splitfire · wall_segment Stone Wall x1 |
| 27:33 | Splitfire · wall_segment Stone Wall x1 |
| 30:14 | ☘ [4:20] ☘ Raperzinho11 · wall_segment Palisade Wall x1 |
| 33:30 | Splitfire · wall_segment Palisade Wall x1 |
| 34:41 | Splitfire · wall_segment Palisade Wall x1 |
| 34:42 | Splitfire · wall_segment Palisade Wall x1 |
| 38:06 | Splitfire · wall_segment Palisade Wall x1 |
| 38:47 | ☘[4:20]☘Rolando Mota dl Kmpo · wall_segment Palisade Wall x1 |
| 39:40 | ☘[4:20]☘Rolando Mota dl Kmpo · first_building Siege Workshop |
| 39:42 | ☘ [4:20] ☘ Raperzinho11 · first_market_sell 100 food |
| 40:55 | Splitfire · wall_segment Stone Wall x2 |
| 41:36 | Splitfire · first_building Castle |
| 42:36 | ☘ [4:20] ☘ Raperzinho11 · tribute_sent a jugador 1 |
| 42:36 | ☘ [4:20] ☘ Raperzinho11 · tribute_sent a jugador 3 |
| 42:36 | ☘ [4:20] ☘ Raperzinho11 · tribute_sent a jugador 4 |
| 42:57 | ☘ [4:20] ☘ Raperzinho11 · age_up imperial |
| 43:03 | ☘ [4:20] ☘ Raperzinho11 · tribute_sent a jugador 1 |
| 43:03 | ☘ [4:20] ☘ Raperzinho11 · tribute_sent a jugador 3 |
| 43:03 | ☘ [4:20] ☘ Raperzinho11 · tribute_sent a jugador 4 |
| 43:24 | ☘[4:20]☘Rolando Mota dl Kmpo · first_building Monastery |
| 43:35 | ☘ [4:20] ☘ Raperzinho11 · tribute_sent a jugador 1 |
| 43:35 | ☘ [4:20] ☘ Raperzinho11 · tribute_sent a jugador 3 |
| 43:35 | ☘ [4:20] ☘ Raperzinho11 · tribute_sent a jugador 4 |
| 44:00 | ☘ [4:20] ☘ Raperzinho11 · first_market_buy 100 wood |
| 45:55 | Splitfire · wall_segment Stone Wall x1 |
| 46:29 | Splitfire · wall_segment Palisade Wall x1 |
| 46:32 | Splitfire · wall_segment Palisade Wall x1 |
| 46:33 | Splitfire · wall_segment Palisade Wall x2 |
| 46:34 | Splitfire · wall_segment Palisade Wall x1 |
| 47:04 | ☘[4:20]☘Rolando Mota dl Kmpo · age_up imperial |
| 48:01 | TheTimeKeeper · resign |
[ AI ANALYSIS · 1 CREDIT ]
What really happened in this match?
Wolo.gg analyzes every decision: build order, eco, micro, common mistakes by bracket. Personalized analysis on WhatsApp or Discord in 30 seconds.
Civ guide
Berbers
Perfil
☘[4:20]☘Rolando Mota dl Kmpo